 Dungeon Crawl Stone Soup version 0.26-a0-606-g3c8f2f65f7 (webtiles) character file.

Game seed: 11950820655379359820

146 ANON1729 the Shield-Bearer (level 5, -4/42 HPs)
             Began as a Formicid Fighter on Sept 1, 2020.
             Slain by an ogre
             ... wielding a +0 giant spiked club
              (25 damage)
             ... on level 4 of the Dungeon.
             The game lasted 00:02:32 (2614 turns).

ANON1729 the Shield-Bearer (Formicid Fighter)       Turns: 2614, Time: 00:02:32

Health: -4/42      AC:  7    Str: 21    XL:     5   Next: 53%
Magic:  5/5        EV:  8    Int:  8    God:
Gold:   227        SH:  9    Dex: 10    Spells: 4/4 levels left

rFire    . . .     SeeInvis +   a - +0 war axe
rCold    . . .     Faith    .   c - +0 kite shield
rNeg     . . .     Spirit   .   b - +0 scale mail
rPois    .         Reflect  .   (helmet unavailable)
rElec    .         Harm     .   (no cloak)
rCorr    .                      (no gloves)
MR       .....                  (no boots)
Stlth    ..........             (no amulet)
HPRegen  0.14/turn              n - ring of flight
MPRegen  0.09/turn              (no ring)

@: no status effects
A: permanent stasis, dig shafts and tunnels, four strong arms, antennae 3
a: Dig, Shaft Self, Evoke Flight


You were on level 4 of the Dungeon.
You visited 1 branch of the dungeon, and saw 5 of its levels.

You collected 227 gold pieces.

Inventory:

Hand Weapons
 a - a +0 war axe (weapon)
Armour
 b - a +0 scale mail (worn)
 c - a +0 kite shield (worn)
 i - a +0 tower shield
Jewellery
 n - a ring of flight (left hand)
 r - a +6 ring of dexterity
Scrolls
 f - a scroll of teleportation {unknown}
 g - a scroll of enchant weapon {unknown}
 k - a scroll of remove curse {unknown}
 l - 2 scrolls of immolation {unknown}
 m - 2 scrolls of identify {unknown}
 p - a scroll of random uselessness {unknown}
 q - a scroll of amnesia {unknown}
 t - a scroll of blinking {unknown}
Potions
 d - a potion of might
 e - 2 potions of magic {unknown}
 h - 2 potions of mutation {unknown}
 j - a potion of flight {unknown}
 o - a potion of stabbing {unknown}
 s - 2 potions of brilliance {unknown}
 u - a potion of heal wounds {unknown}


   Skills:
 + Level 4.3 Fighting
 + Level 3.1 Axes
 + Level 4.2 Armour
 + Level 4.6 Shields


You had 4 spell levels left.
You didn't know any spells.
Your spell library was empty.

Dungeon Overview and Level Annotations

Branches:
Dungeon (5/15)
 Temple: D:4-7

Altars:
Okawaru
Vehumet


Innate Abilities, Weirdness & Mutations

You cannot be hasted, slowed, berserked, paralysed or teleported.
You can dig through walls and to a lower floor.
Your four strong arms can wield two-handed weapons with a shield.
You have a pair of large antennae on your head. (SInv)


Message History

The ogre is moderately wounded.
The ogre hits you with a +0 giant spiked club!!
Ouch! That really hurt!
You are too injured to fight recklessly!
You are too injured to fight recklessly!
You are too injured to fight recklessly!
You are too injured to fight recklessly!
You are too injured to fight recklessly!
You are too injured to fight recklessly!
You are too injured to fight recklessly!
You are too injured to fight recklessly!
You are too injured to fight recklessly!
You are too injured to fight recklessly!
You are too injured to fight recklessly!
You slash the ogre!
The ogre is severely wounded.
You block the ogre's attack.
The ogre hits you with a +0 giant spiked club!!
Ouch! That really hurt!
You die...

### #.# ######### #.#
#........ #.### #.########
###...###........#
#.............##.#
#.#.#....####.##.# ##+##
#.#.####.@O...##.# #...#
#.#......###..##.###...###
#.######.##>............#.
#.# #.##...............
#.# #.##...#.........#.
#.# #.##.#.#..###....#.
#.# #.##...#..# ####...
#.# #....#.#..# ##..
#...........#.#..# #..


You could see an ogre.

Vanquished Creatures
  A worker ant (D:2)
  4 adders
  An ooze (D:2)
  2 worms (D:2)
  3 dart slugs
  A leopard gecko (D:3)
  An orc (D:3)
  3 giant cockroaches
  6 goblins
  8 hobgoblins
  A jackal (D:1)
  2 quokkas
  9 bats
  5 frilled lizards
  12 kobolds
  5 rats
64 creatures vanquished.

Notes
Turn   | Place    | Note
-------+----------+-------------------------------------------
     0 | D:1      | ANON1729 the Formicid Fighter began the quest for the Orb.
     0 | D:1      | Reached XP level 1. HP: 18/18 MP: 1/1
   118 | D:1      | Reached XP level 2. HP: 20/24 MP: 2/2
   310 | D:1      | Reached XP level 3. HP: 27/29 MP: 3/3
   945 | D:2      | Reached XP level 4. HP: 28/37 MP: 4/4
  1255 | D:2      | Reached XP level 5. HP: 38/42 MP: 5/5
  1355 | D:2      | Found an iron altar of Okawaru.
  1970 | D:3      | Found a radiant altar of Vehumet.
  2365 | D:4      | Noticed an ogre
  2396 | D:5      | Entered Level 5 of the Dungeon
  2614 | D:4      | Slain by an ogre

Illustrated notes

Levels and vault maps discovered:
D:1:      ncdulo_lavacross, layout_loops_ring, st_stairs_3, minmay_pentomino_w4
D:2:      layout_basic, lemuel_coloured_pillars_altar
D:3:      layout_loops_ring, marbit_many_paths
D:4:      cheibrodos_quashed, layout_basic
D:5:      layout_loops_ring, lemuel_crystal_altar,
          nemelex_xobeh_ov_fountains_minmay, gammafunk_ghost_necromancy,
          lemuel_tele_altar, uniq_edmund

Skill      XL: |  1  2  3  4  5 |
---------------+----------------+-----
Shields        | 4 |  4.6
Armour         | 4 |  4.2
Fighting       | 4 |  4.3
Axes           | 3 |  3.1

Action                   |  1- 3 |  4- 6 || total
-------------------------+-------+-------++-------
Melee: War axe           |   107 |   128 ||   235
Armor: Scale mail        |    49 |    70 ||   119
Dodge: Dodged            |    29 |    56 ||    85
Block: Kite shield       |    65 |    80 ||   145

Table legend: (Time is in decaauts)
 A = Elapsed time spent in this place.
 B = Non-inter-level travel time spent in this place.
 C = Inter-level travel time spent in this place.
 D = Time resting spent in this place.
 E = Time spent auto-exploring this place.
 F = Levels seen in this place.
 G = Mean time per level.
                   A        B        C        D        E       F      G
               +--------+--------+--------+--------+--------+-----+--------+
         Total |   2711 |   2615 |     96 |    371 |   1648 |   5 |  542.2 |
       Dungeon |   2711 |   2615 |     96 |    371 |   1648 |   5 |  542.2 |
               +--------+--------+--------+--------+--------+-----+--------+

Top non-repeatable levels by time:
     D:2: 821 daAuts
     D:3: 783 daAuts
     D:1: 723 daAuts
     D:5: 211 daAuts
     D:4: 171 daAuts
